Map: Inside and Out

Players

Exterminator - Winner!

  • Race: Zerg Zerg
  • League: Silver
  • Spawn Location: 1:00

Dragoriaa

  • Race: Protoss Protoss
  • League: Bronze
  • Spawn Location: 7:00

VOD

Have the link to the VOD?

Description

Time

  • Played on: Nov. 9, 2022, 4:45 p.m.
  • Length: 17:57
Show
View Real Time Build Order
Export as new Build Order

Exterminator Zerg - Winner!

Build Orders: Pool First 

Get SALT Encoding   

  12  0:00  Drone  
  13  0:13  Overlord  
  13  0:18  Drone  
  14  0:37  Spawning Pool  
  14  0:41  Drone  
  14  0:42  Drone  
  15  0:47  Drone  
  16  0:53  Drone  
  17  1:03  Overlord  
  17  1:24  Queen  
  19  1:27  Zergling x4  
  21  1:33  Extractor  
  21  1:37  Zergling x2  
  21  1:46  Zergling x2  
  22  1:58  Zergling x2  
  23  2:16  Zergling x2  
  23  2:18  Zergling x2  
  25  2:31  Zergling x2  
  25  2:34  Zergling x6  
  29  2:55  Metabolic Boost  
  29  2:57  Hatchery  
  29  3:05  Zergling x4  
  29  3:06  Overlord  
  30  3:23  Overlord  
  30  4:02  Zergling x4  
  32  4:03  Zergling x8  
  36  4:13  Extractor  
  32  4:56  Zergling x2  
  32  4:57  Zergling x14  
  32  5:09  Zergling x2  
  32  5:10  Zergling x2  
  34  5:17  Queen  
  31  5:59  Zergling x2  
  31  6:00  Zergling x16  
  32  6:51  Baneling Nest  
  31  7:12  Zergling x12  
  37  7:18  Hatchery  
  37  7:20  Hatchery  
  35  7:51  Baneling x5  
  35  7:52  Baneling x8  
  35  7:56  Drone  
  35  7:57  Drone x10  
  27  8:55  Zergling x2  
  27  8:56  Zergling x26  
  40  9:27  Drone x8  
  40  9:28  Drone  
  49  9:47  Baneling  
  49  9:48  Baneling x6  
  49  10:08  Queen  
  49  10:12  Zergling x2  
  49  10:13  Zergling x18  
  61  10:24  Lair  
  61  10:33  Zergling x2  
  61  10:34  Zergling x4  
  64  10:36  Overlord  
  64  10:46  Pneumatized Carapace  
  64  11:19  Extractor  
  64  11:20  Extractor  
  62  11:29  Baneling  
  62  11:30  Baneling x7  
  62  11:42  Hydralisk Den  
  61  11:56  Overseer  
  61  12:11  Queen  
  62  12:16  Hydralisk  
  62  12:18  Overlord x3  
  62  12:19  Overlord x2  
  64  12:25  Overseer  
  64  12:44  Hydralisk x4  
  64  12:45  Hydralisk x12  
  64  12:47  Hydralisk  
  98  12:52  Hydralisk  
  100  13:11  Hydralisk x2  
  104  13:13  Overlord  
  104  13:14  Overlord  
  70  13:52  Hydralisk  
  70  13:53  Hydralisk x6  
  54  14:19  Hydralisk  
  54  14:20  Hydralisk x2  
  60  14:31  Drone  
  60  14:32  Drone x9  
  70  14:46  Grooved Spines  
  70  15:06  Hydralisk x4  
  70  15:07  Hydralisk x2  
  70  15:36  Hydralisk  
  70  15:37  Hydralisk x6  
  78  15:59  Hydralisk  
  78  16:00  Hydralisk x4  
  78  16:01  Zergling x2  
  83  16:19  Muscular Augments  
  83  16:37  Hydralisk x5  
  93  17:00  Zergling x2  
  94  17:01  Zergling x26  
  94  17:02  Zergling x2  
  94  17:04  Zergling x2  
Show
View Real Time Build Order
Export as new Build Order

Dragoriaa Protoss 

Build Orders: Nexus First 

Get SALT Encoding   

  12  0:00  Probe  
  13  0:12  Probe  
  14  0:17  Pylon  
  14  0:24  Probe (Chrono Boost)  
  15  0:36  Probe (Chrono Boost)  
  16  0:44  Probe (Chrono Boost)  
  17  0:51  Probe  
  18  1:02  Nexus  
  18  1:09  Probe (Chrono Boost)  
  20  1:18  Probe (Chrono Boost)  
  20  1:19  Pylon  
  20  1:23  Probe (Chrono Boost)  
  21  1:30  Gateway  
  21  1:35  Probe  
  22  1:47  Probe  
  22  1:49  Assimilator  
  23  1:59  Probe  
  24  2:05  Nexus  
  24  2:11  Pylon  
  24  2:13  Probe (Chrono Boost)  
  25  2:17  Probe (Chrono Boost)  
  26  2:25  Probe (Chrono Boost)  
  26  2:29  Probe x2 (Chrono Boost)  
  27  2:36  Pylon  
  29  2:38  Probe  
  29  2:39  Probe  
  31  2:47  Cybernetics Core  
  31  2:51  Probe x2  
  33  3:00  Gateway  
  33  3:02  Gateway  
  33  3:03  Probe  
  34  3:07  Probe  
  35  3:15  Probe  
  35  3:17  Pylon  
  35  3:19  Probe  
  37  3:26  Nexus  
  37  3:30  Zealot  
  36  3:47  Zealot  
  37  3:49  Zealot  
  37  3:53  Gateway  
  37  3:57  Zealot  
  39  4:14  Zealot  
  39  4:16  Zealot  
  42  4:24  Zealot  
  42  4:25  Probe  
  45  4:38  Probe (Chrono Boost)  
  39  4:41  Zealot  
  39  4:43  Zealot  
  41  4:50  Probe (Chrono Boost)  
  41  4:51  Zealot, Probe (Chrono Boost)  
  46  4:56  Probe (Chrono Boost)  
  39  5:03  Probe (Chrono Boost)  
  39  5:04  Probe  
  39  5:09  Probe  
  39  5:12  Warp Gate  
  40  5:15  Probe  
  40  5:16  Zealot, Probe  
  44  5:24  Zealot  
  44  5:26  Zealot  
  44  5:27  Probe  
  44  5:28  Probe  
  40  5:49  Zealot x2  
  38  5:52  Zealot, Probe  
  38  5:53  Zealot  
  38  5:55  Probe  
  38  6:06  Pylon  
  38  6:13  Pylon  
  37  6:30  Zealot  
  37  6:31  Zealot x2, Probe  
  31  6:48  Probe  
  32  6:58  Probe (Chrono Boost)  
  34  7:08  Probe (Chrono Boost)  
  34  7:10  Probe (Chrono Boost)  
  36  7:16  Probe (Chrono Boost)  
  36  7:17  Probe (Chrono Boost)  
  37  7:27  Probe (Chrono Boost)  
  37  7:29  Probe (Chrono Boost)  
  39  7:30  Pylon  
  40  7:37  Probe (Chrono Boost)  
  40  7:38  Probe (Chrono Boost)  
  41  7:54  Shield Battery  
  41  7:55  Shield Battery  
  41  7:58  Shield Battery  
  41  8:00  Shield Battery  
  41  8:04  Zealot  
  43  8:09  Zealot  
  46  8:12  Probe  
  27  8:30  Zealot  
  27  8:31  Zealot x2  
  27  8:32  Probe  
  27  8:33  Probe  
  31  8:48  Probe x2  
  31  9:00  Probe x2  
  33  9:09  Pylon  
  33  9:12  Probe x2  
  33  9:13  Zealot  
  33  9:14  Zealot x2  
  41  9:24  Probe x2  
  43  9:35  Nexus  
  43  9:42  Pylon, Probe  
  43  9:43  Probe  
  45  9:47  Zealot  
  45  9:49  Zealot  
  49  9:54  Probe  
  49  9:55  Probe, Shield Battery  
  51  10:08  Probe x2  
  51  10:11  Pylon  
  53  10:16  Gateway  
  53  10:18  Gateway  
  53  10:20  Probe  
  53  10:21  Probe  
  55  10:22  Zealot  
  55  10:25  Zealot  
  59  10:30  Stalker  
  61  10:45  Gateway  
  61  10:49  Probe  
  62  10:58  Probe  
  62  11:01  Probe  
  64  11:04  Stalker  
  64  11:05  Stalker x2  
  64  11:10  Stalker  
  72  11:12  Stalker  
  74  11:24  Pylon  
  74  11:28  Nexus  
  74  11:30  Probe x3  
  77  11:39  Stalker  
  79  11:40  Stalker  
  79  11:42  Stalker  
  83  11:57  Pylon  
  83  11:58  Stalker  
  83  11:59  Stalker  
  87  12:07  Stalker  
  87  12:08  Stalker x2  
  91  12:13  Gateway  
  91  12:22  Probe (Chrono Boost)  
  94  12:25  Probe x2 (Chrono Boost)  
  94  12:30  Forge  
  94  12:33  Pylon, Probe (Chrono Boost)  
  94  12:36  Probe (Chrono Boost)  
  94  12:37  Probe (Chrono Boost)  
  97  12:38  Shield Battery  
  97  12:41  Stalker  
  97  12:42  Stalker  
  97  12:43  Stalker  
  103  12:45  Stalker  
  103  12:47  Probe (Chrono Boost)  
  106  12:54  Forge  
  106  12:57  Probe (Chrono Boost)  
  107  12:59  Shield Battery  
  107  13:02  Pylon  
  107  13:03  Probe x3  
  110  13:12  Forge  
  110  13:16  Stalker x2  
  110  13:19  Stalker  
  116  13:23  Zealot  
  85  13:47  Zealot x5  
  85  13:48  Zealot x2  
  53  14:01  Probe x3 (Chrono Boost)  
  53  14:02  Probe (Chrono Boost)  
  49  14:13  Probe (Chrono Boost)  
  49  14:14  Zealot  
  49  14:15  Zealot  
  55  14:18  Probe x3 (Chrono Boost)  
  55  14:20  Probe (Chrono Boost)  
  56  14:24  Probe  
  56  14:25  Probe x2  
  56  14:27  Pylon, Probe  
  60  14:34  Zealot  
  60  14:35  Zealot  
  60  14:36  Probe  
  60  14:38  Zealot  
  67  14:40  Probe (Chrono Boost)  
  68  14:46  Shield Battery  
  68  14:49  Probe (Chrono Boost), Shield Battery  
  69  14:59  Probe (Chrono Boost)  
  73  15:01  Probe (Chrono Boost)  
  73  15:02  Probe x2 (Chrono Boost)  
  73  15:04  Stalker, Probe (Chrono Boost)  
  73  15:05  Stalker  
  78  15:10  Probe  
  78  15:11  Probe  
  78  15:21  Zealot  
  74  15:23  Zealot x2  
  74  15:24  Zealot x2  
  74  15:28  Zealot x2  
  72  15:45  Probe  
  69  15:52  Probe, Protoss Shields Level 1 (Chrono Boost)  
  69  15:53  Probe  
  69  15:54  Probe  
  70  15:57  Probe  
  71  16:04  Twilight Council, Probe  
  71  16:11  Zealot x6  
  76  16:12  Zealot  
  76  16:16  Probe (Chrono Boost)  
  87  16:25  Nexus  
  87  16:28  Probe (Chrono Boost)  
  87  16:31  Zealot  
  87  16:32  Zealot x5  
  100  16:34  Probe (Chrono Boost)  
  101  16:46  Zealot  
  103  16:52  Zealot x2  
  103  16:53  Zealot x4  
  115  17:08  Probe  
  115  17:09  Probe x3  
  109  17:21  Probe  
  67  17:37  Zealot x3  
  67  17:38  Zealot  
  67  17:39  Zealot x3  
Tags
 
Add a new tag
Caveats
  • Supply blocks, unpowered buildings, or Contaminate may cause inaccurate times.
  • Supply counts are checked every 10 seconds.